 Dungeon Crawl Stone Soup version 0.20.1-1-g8b1a95d (webtiles) character file.

28 letownia2 the Grave Robber (level 2, -3/22 HPs)
             Began as a Deep Dwarf Necromancer on Nov 26, 2017.
             Slain by a crocodile (13 damage)
             ... in a sewer.
             The game lasted 00:03:57 (707 turns).

letownia2 the Grave Robber (Deep Dwarf Necromancer)  Turns: 707, Time: 00:03:57

Health: -3/22      AC:  2    Str: 11    XL:     2   Next: 96%
Magic:  2/5        EV: 12    Int: 15    God:
Gold:   37         SH:  0    Dex: 13    Spells: 4/5 levels left

rFire    . . .     SeeInvis .   a - +2 hand axe (freeze)
rCold    . . .     Gourm    .   (no shield)
rNeg     . . .     Faith    .   m - +0 robe
rPois    .         Spirit   .   (no helmet)
rElec    .         Reflect  .   (no cloak)
rCorr    .         Harm     .   (no gloves)
MR       .....                  (no boots)
Stlth    ++........             (no amulet)
Regen    0.0/turn               (no ring)
MPRegen  0.1/turn               (no ring)

@: non-regenerating
A: damage resistance, heal wounds, sense surroundings 1, no regeneration
a: Heal Wounds


You were in a sewer.
You were not hungry.

You visited 1 branch of the dungeon, and saw 3 of its levels.
You also visited: Sewer.

You collected 37 gold pieces.

Inventory:

Hand Weapons
 a - a +2 hand axe of freezing (weapon)
 l - a cursed -1 dagger
Missiles
 n - 7 poisoned needles
Armour
 m - a +0 robe (worn)
Magical Staves
 o - an uncursed staff of conjuration {unknown}
Scrolls
 d - a scroll of identify {unknown}
 f - 2 scrolls of teleportation {unknown}
Potions
 e - a potion of haste {unknown}
 g - a potion of curing {unknown}
Books
 b - a book of Necromancy

   Spells                             Type                      Level
   a - Pain                           Necromancy                   1
   b - Animate Skeleton               Necromancy                   1
   c - Vampiric Draining              Necromancy                   3
   d - Regeneration                   Charms/Necromancy            3
   e - Animate Dead                   Necromancy                   4
   f - Control Undead                 Necromancy                   4
Comestibles
 c - a bread ration
 h - a royal jelly
 i - 2 fruits
 j - a meat ration
 k - 4 chunks of flesh


   Skills:
 - Level 2.1 Dodging
 - Level 2.4 Stealth
 - Level 2.2 Spellcasting
 + Level 5.1 Necromancy


You had 4 spell levels left.
You knew the following spells:

 Your Spells              Type           Power        Failure   Level  Hunger
a - Pain                  Necr           ###.         2%          1    #......


Dungeon Overview and Level Annotations

Branches:
Dungeon (3/15)

Altars:
Fedhas


Innate Abilities, Weirdness & Mutations

You are resistant to damage.
You can heal yourself by infusing magical energy.
You passively map a small area around you.
You do not regenerate.


Message History

Press: ? - help, Shift-Dir - straight line, f - crocodile
Aim: a crocodile (chance to defeat MR: 76%)
The crocodile barely resists.
Casting: Pain
Confirm with . or Enter, or press ? or * to list all spells.
Aiming: Pain
Press: ? - help, Shift-Dir - straight line, f/p - crocodile
Aim: a crocodile (chance to defeat MR: 76%)
The crocodile barely resists.
Casting: Pain
Confirm with . or Enter, or press ? or * to list all spells.
Aiming: Pain
Press: ? - help, Shift-Dir - straight line, f/p - crocodile
Aim: a crocodile (chance to defeat MR: 76%)
The crocodile writhes in agony!
You hit the crocodile. You freeze the crocodile.
The crocodile is moderately wounded.
The crocodile bites you!
Ouch! That really hurt!
You die...

#...#...#
#.≈###≈.##
#... #...#
#..#*
##.≈# #.≈
#..# #..#
, ##.≈#
#≈≈.# *
#.@##
#..t#
...≈.##
#≈....
##..≈#
#..≈ *
.#.# [(#.
,


You could see a crocodile.

Vanquished Creatures
  A leopard gecko (D:3)
  An orc (D:3)
  4 giant cockroaches (D:3)
  3 goblins
  2 hobgoblins
  2 jackals (Sewer)
  4 kobolds
  2 bats
  5 rats
24 creatures vanquished.

Notes
Turn   | Place    | Note
-------+----------+-------------------------------------------
     0 | D:1      | letownia2 the Deep Dwarf Necromancer began the quest for the Orb.
     0 | D:1      | Reached XP level 1. HP: 15/15 MP: 3/3
   179 | D:2      | Found a blossoming altar of Fedhas.
   242 | D:3      | Noticed an orc wizard
   242 | D:3      | Noticed an orc wizard
   327 | D:3      | Reached XP level 2. HP: 20/22 MP: 0/5
   548 | D:3      | Reached skill level 5 in Necromancy
   586 | D:3      | Found a glowing drain.
   595 | Sewer    | Entered a sewer
   702 | Sewer    | Noticed a crocodile
   707 | Sewer    | Slain by a crocodile

Skill      XL: |  1  2 |
---------------+-------+-----
Spellcasting   | 2 |  2.2
Necromancy     | 5 |  5.1
Dodging        | |  2.1
Stealth        | |  2.4

Action                   || total
-------------------------++-------
Melee: Unarmed           ||     6
       Hand axe          ||     8
 Cast: Pain              ||    44
Armor: Robe              ||    10
Dodge: Dodged            ||    21
